Map: Black Site 2E

Players

GreenChile

  • Race: Zerg Zerg
  • League: Gold
  • Spawn Location: 3:00

eplusplus

  • Race: Protoss Protoss
  • Spawn Location: 5:00

Shepard

  • Race: Terran Terran
  • League: Platinum
  • Spawn Location: 6:00

Metasapien

  • Race: Zerg Zerg
  • League: Platinum
  • Spawn Location: 9:00

sobakawa

  • Race: Terran Terran
  • League: Silver
  • Spawn Location: 11:00

DarkFart

  • Race: Protoss Protoss
  • League: Platinum
  • Spawn Location: 12:00

VOD

Have the link to the VOD?

Description

Time

  • Played on: Sept. 23, 2017, 11:29 a.m.
  • Length: 16:51
Show
View Real Time Build Order
Export as new Build Order

GreenChile Zerg 

Build Orders: Hatch First 

Get SALT Encoding   

  12  0:07  Drone  
  13  0:19  Overlord  
  13  0:20  Drone  
  14  0:38  Drone x2  
  16  0:45  Drone  
  17  0:59  Drone  
  17  1:00  Hatchery  
  17  1:04  Drone  
  18  1:15  Drone  
  19  1:25  Drone  
  20  1:31  Spawning Pool  
  19  1:33  Extractor  
  19  1:35  Drone, Extractor  
  18  1:47  Drone  
  19  2:05  Drone  
  20  2:11  Drone  
  21  2:17  Drone  
  21  2:19  Queen  
  21  2:21  Queen  
  26  2:23  Zergling x2  
  26  2:28  Overlord, Spore Crawler  
  26  2:33  Drone  
  27  2:41  Roach Warren  
  26  2:44  Evolution Chamber  
  26  2:46  Drone  
  26  3:04  Spore Crawler  
  26  3:05  Drone x2  
  27  3:07  Lair  
  27  3:12  Zerg Missile Weapons Level 1  
  27  3:16  Drone  
  28  3:35  Drone x3  
  28  3:37  Drone x3  
  34  3:57  Drone x2  
  36  4:03  Hatchery  
  35  4:11  Drone  
  35  4:12  Overlord x2  
  35  4:15  Glial Reconstitution  
  36  4:19  Overseer  
  36  4:22  Overlord  
  36  4:26  Burrow  
  36  4:33  Overseer  
  36  4:37  Drone  
  37  4:41  Roach x3  
  43  4:47  Drone  
  43  4:52  Drone x2  
  46  4:54  Roach  
  48  5:04  Hatchery  
  47  5:12  Hatchery  
  46  5:16  Queen  
  46  5:18  Drone  
  49  5:24  Zerg Missile Weapons Level 2  
  49  5:39  Drone x3  
  49  5:41  Drone x2  
  54  5:43  Tunneling Claws  
  54  5:56  Overseer  
  54  6:09  Extractor  
  53  6:11  Extractor  
  52  6:31  Queen  
  52  6:32  Queen  
  56  6:33  Hydralisk Den  
  55  6:41  Infestation Pit  
  55  6:42  Drone x3  
  57  6:53  Drone x4  
  57  6:54  Drone x2  
  63  7:25  Lurker Den  
  63  7:35  Drone x6  
  69  7:43  Spore Crawler  
  68  7:45  Extractor  
  68  7:46  Overlord x2, Drone  
  68  7:48  Extractor  
  67  7:53  Hydralisk x2  
  67  7:54  Hydralisk x3  
  67  7:56  Overlord x5  
  67  7:57  Overlord x4  
  77  8:05  Zerg Ground Armor Level 1  
  77  8:06  Hive  
  77  8:31  Drone x2, Nydus Network  
  77  8:32  Drone x8  
  86  8:52  Roach  
  86  8:53  Roach x10  
  86  8:54  Roach x5  
  87  9:03  Muscular Augments  
  87  9:22  Roach x16  
  87  9:24  Queen  
  87  9:25  Drone x3  
  92  9:45  Hydralisk x2  
  92  9:46  Hydralisk x4  
  92  9:52  Drone x2  
  107  10:14  Lurker x3  
  108  10:43  Zerg Ground Armor Level 2  
  108  10:46  Roach  
  108  10:47  Roach x9  
  108  10:48  Roach  
  126  11:03  Roach x3  
  126  11:04  Roach x4  
  140  11:22  Spore Crawler  
  140  11:23  Drone x3  
  140  11:25  Extractor  
  141  11:33  Hatchery  
  140  11:40  Hydralisk x4  
  140  11:41  Hydralisk x5  
  140  11:44  Overlord x3  
  158  11:57  Overlord x3  
  158  12:23  Hydralisk  
  158  12:24  Hydralisk x7  
  174  12:44  Hydralisk x5  
  174  12:46  Hydralisk x3  
  190  12:58  Queen  
  190  12:59  Drone x2  
  194  13:22  Zerg Missile Weapons Level 3  
  194  13:30  Drone x3  
  155  14:49  Roach x6  
  155  14:50  Roach x7  
  179  14:53  Hydralisk x3  
  177  15:34  Hydralisk x5  
  177  15:35  Hydralisk  
  189  15:38  Roach x3  
  189  15:40  Roach x2  
Show
View Real Time Build Order
Export as new Build Order

eplusplus Protoss 

Build Orders: Nexus First 

Get SALT Encoding   

  12  0:03  Probe (Chrono Boost)  
  14  0:14  Probe (Chrono Boost)  
  14  0:24  Probe (Chrono Boost)  
  15  0:29  Pylon  
  15  0:55  Nexus  
  15  0:58  Probe (Chrono Boost)  
  16  1:09  Probe (Chrono Boost)  
  17  1:14  Gateway  
  17  1:19  Probe (Chrono Boost)  
  17  1:23  Assimilator  
  18  1:31  Probe (Chrono Boost)  
  19  1:37  Forge  
  19  1:42  Assimilator  
  19  1:44  Probe (Chrono Boost)  
  20  1:56  Pylon  
  20  2:10  Cybernetics Core  
  20  2:15  Assimilator  
  20  2:16  Probe (Chrono Boost)  
  20  2:19  Probe (Chrono Boost)  
  22  2:27  Probe (Chrono Boost)  
  22  2:29  Probe (Chrono Boost)  
  24  2:32  Pylon  
  24  2:41  Probe (Chrono Boost)  
  24  2:43  Probe (Chrono Boost)  
  26  3:02  Stargate  
  26  3:05  Photon Cannon  
  26  3:13  Photon Cannon  
  26  3:18  Probe (Chrono Boost)  
  27  3:20  Pylon  
  27  3:21  Pylon  
  27  3:28  Probe (Chrono Boost)  
  27  3:29  Probe (Chrono Boost)  
  29  3:39  Probe x2 (Chrono Boost)  
  31  3:49  Probe (Chrono Boost)  
  31  3:50  Probe (Chrono Boost), Photon Cannon  
  33  4:00  Mothership Core (Chrono Boost)  
  35  4:03  Fleet Beacon  
  35  4:12  Stargate  
  35  4:25  Probe x2 (Chrono Boost), Assimilator  
  37  4:35  Probe x2 (Chrono Boost)  
  39  4:41  Pylon  
  39  4:44  Pylon  
  39  4:46  Void Ray (Chrono Boost)  
  43  5:06  Photon Cannon  
  49  5:09  Photon Cannon  
  53  5:24  Void Ray (Chrono Boost)  
  53  5:28  Probe  
  53  5:29  Probe  
  55  5:39  Probe  
  55  5:42  Probe  
  57  5:51  Nexus  
  57  5:52  Probe  
  57  5:53  Pylon  
  57  5:54  Probe  
  59  6:03  Probe  
  59  6:06  Probe  
  61  6:16  Pylon, Photon Cannon  
  61  6:20  Void Ray (Chrono Boost)  
  61  6:24  Probe  
  61  6:25  Probe  
  67  6:32  Assimilator  
  67  6:37  Assimilator  
  73  6:42  Graviton Catapult  
  73  6:49  Stargate  
  73  6:51  Stargate  
  73  6:52  Carrier (Chrono Boost)  
  73  6:53  Probe  
  74  6:54  Probe  
  75  7:05  Probe  
  75  7:07  Probe  
  75  7:08  Probe  
  84  7:16  Carrier (Chrono Boost)  
  84  7:46  Pylon  
  84  7:47  Photon Cannon  
  84  7:50  Photon Cannon  
  84  7:51  Probe  
  84  7:52  Probe  
  84  7:58  Probe  
  86  7:59  Pylon  
  86  8:01  Probe  
  86  8:04  Probe  
  89  8:08  Probe  
  89  8:11  Carrier x2 (Chrono Boost)  
  89  8:12  Probe  
  102  8:16  Probe  
  102  8:19  Probe  
  105  8:28  Carrier (Chrono Boost)  
  111  8:34  Protoss Air Weapons Level 1 (Chrono Boost)  
  111  8:35  Carrier  
  111  8:39  Cybernetics Core  
  111  8:42  Pylon  
  111  8:45  Pylon  
  117  8:50  Pylon  
  117  9:36  Carrier x2  
  129  9:49  Carrier  
  129  9:53  Carrier  
  125  11:01  Carrier  
  125  11:02  Carrier  
  137  11:19  Carrier  
  143  11:38  Carrier  
  135  11:51  Mothership Core  
  149  13:19  Carrier  
  155  13:45  Protoss Air Weapons Level 2 (Chrono Boost)  
  155  14:01  Protoss Air Armor Level 1 (Chrono Boost)  
  155  14:15  Carrier  
  157  16:17  Pylon x2  
  157  16:18  Pylon  
  157  16:19  Pylon  
  157  16:21  Pylon  
  157  16:22  Pylon x2  
  157  16:23  Pylon  
Show
View Real Time Build Order
Export as new Build Order

Shepard Terran 

Build Orders:  

Get SALT Encoding   

  12  0:09  Supply Depot  
  12  0:13  SCV  
  13  0:25  SCV  
  14  0:35  Barracks  
  14  0:39  SCV  
  15  0:52  SCV  
  15  0:55  Refinery  
  16  1:02  Refinery  
  16  1:04  SCV  
  17  1:22  Orbital Command  
  17  1:23  Barracks  
  18  1:36  Barracks Tech Lab  
  17  1:50  SCV  
  18  1:56  Supply Depot  
  18  2:10  Factory  
  18  2:16  Marine  
  18  2:19  SCV  
  18  2:21  Barracks Reactor  
  20  2:33  Barracks  
  20  2:34  Marine  
  20  2:35  SCV  
  22  2:47  Stimpack  
  22  2:50  SCV  
  23  2:51  Marine  
  23  2:56  Starport  
  24  3:02  SCV  
  25  3:05  Marine  
  25  3:06  Marine  
  25  3:12  Factory Reactor  
  27  3:14  SCV  
  27  3:17  Marine  
  29  3:37  Bunker  
  29  3:54  Marine x2  
  31  4:01  Supply Depot  
  31  4:03  Medivac x2, Marauder  
  31  4:05  SCV  
  38  4:10  Barracks Tech Lab  
  38  4:19  Marine  
  38  4:23  Marine  
  40  4:24  Marauder  
  40  4:26  Supply Depot  
  40  4:30  Factory Tech Lab  
  42  4:33  Marine  
  42  4:37  Marine  
  44  4:41  Marine  
  45  4:46  Marauder  
  45  4:48  Concussive Shells  
  45  4:51  Marauder  
  49  4:53  Widow Mine  
  51  5:12  Command Center  
  51  5:24  Medivac x2  
  55  5:38  Supply Depot  
  55  5:54  Supply Depot  
  55  6:00  SCV, Marine  
  52  6:24  Orbital Command  
  52  6:27  SCV  
  53  6:34  Marine x2  
  53  6:35  Marauder x2  
  53  6:36  Engineering Bay  
  53  6:39  SCV  
  60  6:52  Siege Tank, Marine x2  
  65  6:56  Marauder x2  
  69  7:02  Engineering Bay  
  69  7:07  SCV x2  
  71  7:11  Supply Depot  
  71  7:12  Marine x2  
  73  7:25  Siege Tank  
  75  7:34  Marine x2  
  75  7:35  Marauder x2  
  75  7:36  Medivac x2  
  71  7:53  Refinery  
  71  7:56  Refinery  
  71  8:01  Factory  
  71  8:06  Factory  
  68  8:32  Armory  
  68  8:47  Factory Tech Lab  
  68  8:49  Command Center  
  68  8:51  Factory Tech Lab  
  55  9:19  Thor  
  55  9:20  Thor  
  55  9:21  Thor  
  55  9:23  Liberator  
  55  9:24  SCV x2  
  78  10:09  Siege Tank, Thor  
  78  10:14  Refinery  
  87  10:15  Refinery  
  87  10:17  Orbital Command  
  88  10:21  SCV x2  
  89  10:33  SCV x2  
  91  10:42  Armory  
  91  10:43  Terran Vehicle Weapons Level 1  
  91  10:45  SCV x2  
  92  11:03  Siege Tank  
  92  11:04  Siege Tank, Thor  
  104  11:12  SCV x3  
  107  11:25  Factory  
  107  11:28  Factory  
  107  11:36  Drilling Claws  
  107  11:51  Terran Vehicle And Ship Armor Level 1  
  107  12:06  Supply Depot  
  107  12:07  Supply Depot  
  107  12:21  Factory Tech Lab x2  
  107  12:24  Widow Mine  
  107  12:27  Widow Mine x2  
  113  12:33  Supply Depot x2  
  113  12:53  Siege Tank  
  113  12:56  Thor x2  
  125  13:03  Terran Vehicle Weapons Level 2  
  107  13:26  Siege Tank  
  110  13:30  Siege Tank, Thor  
  119  13:39  Siege Tank x2  
  125  13:58  Thor  
  125  14:02  Siege Tank  
  126  14:11  Siege Tank x2  
  113  14:32  Thor  
  113  14:34  Thor  
  125  14:48  Thor  
  131  15:40  Thor  
  137  15:51  Supply Depot  
  137  15:52  Supply Depot  
  137  15:53  Supply Depot  
Show
View Real Time Build Order
Export as new Build Order

Metasapien Zerg 

Build Orders: Hatch First 

Get SALT Encoding   

  12  0:31  Hatchery  
  11  0:36  Overlord  
  11  0:43  Drone  
  11  0:45  Drone  
  13  0:51  Drone  
  14  1:03  Drone  
  15  1:10  Drone  
  16  1:21  Drone, Spawning Pool  
  16  1:24  Extractor  
  15  1:33  Drone  
  16  1:41  Drone  
  17  1:47  Drone  
  17  1:52  Drone  
  19  1:54  Drone  
  20  2:03  Overlord  
  20  2:26  Drone x2  
  20  2:28  Drone x3  
  25  2:39  Drone  
  25  2:42  Hatchery  
  25  2:43  Drone  
  26  2:45  Queen  
  28  2:52  Drone  
  28  2:55  Queen  
  31  3:23  Drone x3  
  34  3:28  Drone x2  
  36  3:34  Roach Warren  
  36  3:36  Extractor  
  36  3:38  Drone  
  36  3:40  Overlord, Extractor  
  36  3:41  Overlord  
  34  3:46  Metabolic Boost  
  34  3:55  Drone, Queen  
  35  3:57  Lair  
  37  4:08  Drone  
  37  4:09  Drone  
  40  4:10  Drone x2  
  40  4:12  Drone x2  
  40  4:16  Drone x5, Extractor  
  47  4:21  Drone  
  48  4:44  Drone x2  
  50  4:46  Pneumatized Carapace  
  50  4:50  Roach  
  50  4:51  Roach x3  
  50  4:52  Overlord x3  
  58  4:59  Overlord  
  58  5:01  Overlord  
  58  5:06  Extractor  
  57  5:07  Drone  
  57  5:11  Extractor  
  57  5:12  Drone x2  
  59  5:15  Drone x5  
  59  5:19  Glial Reconstitution  
  66  5:21  Roach x3  
  66  5:22  Hydralisk Den, Roach  
  66  5:25  Roach  
  73  5:34  Drone x2  
  75  5:47  Drone x3  
  75  5:49  Drone x3  
  81  5:51  Hydralisk  
  81  5:53  Overlord x2  
  81  5:54  Hydralisk x2  
  81  5:55  Hydralisk x2  
  85  6:24  Queen  
  87  6:29  Queen  
  87  6:30  Queen  
  91  6:37  Hydralisk x2  
  91  6:38  Hydralisk x6  
  91  6:39  Hydralisk x3  
  113  6:41  Overlord x2  
  113  6:48  Drone  
  114  7:20  Hydralisk x6  
  114  7:21  Overlord, Hydralisk  
  114  7:22  Overlord  
  128  7:24  Drone x2  
  130  7:41  Infestation Pit  
  129  7:47  Evolution Chamber  
  128  7:52  Evolution Chamber, Hydralisk x4  
  128  7:53  Overlord, Hydralisk x2  
  128  7:54  Overlord x2  
  139  8:02  Hydralisk x2  
  139  8:03  Hydralisk  
  145  8:09  Overseer  
  145  8:13  Drone x4  
  144  8:24  Drone x3  
  146  8:43  Muscular Augments  
  146  8:45  Zerg Ground Armor Level 1, Zerg Missile Weapons Level 1  
  146  8:48  Drone x2  
  148  8:53  Drone x2  
  150  8:55  Drone  
  150  8:56  Drone  
  152  9:25  Hydralisk x3  
  152  9:26  Hydralisk x5  
  168  9:45  Nydus Network  
  167  9:47  Spore Crawler  
  166  10:09  Infestor x2  
  170  10:18  Hatchery  
  169  10:48  Overlord x4  
  135  11:04  Hydralisk x3  
  135  11:05  Infestor x2, Hydralisk  
  135  11:06  Infestor, Hydralisk x4  
  135  11:07  Roach x3, Hydralisk  
  135  11:09  Burrow  
  165  11:32  Queen  
  165  11:35  Drone  
  168  11:42  Hydralisk  
  168  11:43  Roach, Hydralisk x4  
  168  11:44  Hydralisk x4  
  168  11:45  Hydralisk x6  
  200  11:52  Nydus Canal  
  200  12:15  Extractor  
  199  12:16  Extractor  
  199  12:17  Drone  
  199  12:18  Drone  
  199  12:19  Infestor x5  
  200  12:24  Spore Crawler  
  200  12:26  Overseer  
  200  12:27  Overseer  
  200  12:28  Overseer  
  165  13:17  Hydralisk x4  
  165  13:18  Hydralisk x6  
  165  13:19  Roach, Hydralisk x3  
  167  13:20  Hydralisk x6, Roach  
  167  13:21  Hydralisk x2  
  167  13:23  Drone  
  190  13:42  Spire  
  165  14:34  Hydralisk x6  
  165  14:35  Hydralisk x8  
  165  14:36  Overlord x3  
  165  14:37  Overlord  
  193  14:45  Hatchery  
  60  15:24  Hydralisk  
  60  15:25  Hydralisk x8  
  60  15:27  Queen  
  28  16:19  Zergling x2  
  28  16:21  Zergling x2  
  28  16:22  Zergling x8  
  28  16:23  Drone  
  35  16:28  Hatchery  
Show
View Real Time Build Order
Export as new Build Order

sobakawa Terran 

Build Orders: MMM Bio 

Get SALT Encoding   

  12  0:01  SCV  
  13  0:14  SCV  
  14  0:22  Supply Depot  
  14  0:26  SCV  
  15  0:37  Refinery  
  15  0:43  SCV  
  16  0:55  Barracks  
  16  0:57  SCV  
  17  1:10  SCV  
  18  1:24  SCV  
  19  1:37  SCV  
  19  1:38  Command Center  
  20  1:49  SCV  
  20  1:53  Barracks Reactor  
  21  1:55  Supply Depot  
  21  2:04  Orbital Command  
  21  2:26  Barracks  
  21  2:33  SCV  
  21  2:34  Barracks  
  22  2:38  Marine x2  
  24  2:48  Factory  
  24  2:52  SCV  
  24  2:55  Refinery  
  25  3:02  Orbital Command  
  25  3:06  SCV  
  25  3:10  Marine  
  25  3:11  Marine  
  28  3:21  SCV  
  28  3:22  Barracks Tech Lab  
  28  3:26  Barracks Tech Lab  
  29  3:30  SCV  
  29  3:33  SCV  
  31  3:34  Marine x2  
  31  3:38  Factory Reactor  
  31  3:41  Starport  
  33  3:43  SCV  
  34  3:50  Supply Depot  
  34  3:52  SCV  
  35  3:56  Concussive Shells, Stimpack  
  35  4:01  SCV  
  36  4:04  SCV, Marine x2  
  36  4:06  Marine  
  36  4:07  Marine  
  41  4:16  SCV  
  41  4:17  Engineering Bay, SCV  
  43  4:21  Refinery  
  43  4:30  SCV x2  
  45  4:33  Supply Depot  
  45  4:35  Marine x2  
  45  4:36  Marauder  
  45  4:37  Marauder  
  51  4:49  Missile Turret  
  51  4:54  Medivac  
  51  4:55  Medivac  
  55  5:00  Supply Depot  
  55  5:01  Terran Infantry Weapons Level 1  
  55  5:06  Missile Turret  
  55  5:07  SCV x2  
  55  5:08  Marine x2  
  55  5:11  Marauder  
  55  5:12  Marine  
  62  5:14  Combat Shields  
  62  5:22  SCV x2  
  62  5:28  Supply Depot  
  64  5:30  Supply Depot  
  64  5:34  Marine x2  
  66  5:36  Medivac  
  66  5:38  Medivac  
  70  5:47  Supply Depot  
  72  5:50  Marauder  
  72  5:51  Supply Depot  
  72  5:52  Marauder  
  72  5:53  Marine  
  72  5:54  Marine  
  76  5:57  Factory Tech Lab  
  76  6:06  Medivac  
  76  6:07  Refinery  
  76  6:08  Medivac  
  80  6:14  Marauder, Marine x2  
  84  6:28  Marauder  
  86  6:36  Viking  
  86  6:38  Viking  
  90  6:42  SCV x2  
  92  6:56  Marine x2  
  92  6:57  Marine x2  
  92  6:59  Command Center  
  96  7:03  Terran Infantry Armor Level 1  
  96  7:06  Medivac  
  96  7:08  Medivac  
  100  7:12  Missile Turret  
  100  7:18  Supply Depot  
  100  7:20  Supply Depot  
  100  7:30  Armory  
  100  7:35  Marauder  
  102  7:40  Marauder, Marine x2  
  102  7:43  Supply Depot x2  
  106  7:45  Supply Depot  
  106  7:52  Viking  
  106  7:53  Medivac  
  110  8:08  Marauder, Marine x2  
  110  8:09  Marauder  
  110  8:11  Missile Turret  
  116  8:26  Marine x2  
  118  8:30  Marauder x2  
  122  8:44  Marine x2  
  110  8:50  Marine  
  110  8:51  Marine  
  73  9:34  Starport  
  73  9:37  Starport  
  73  9:38  Orbital Command  
  73  9:39  Starport  
  73  9:41  Starport  
  73  9:43  Viking x2  
  77  9:45  Missile Turret, Terran Vehicle And Ship Armor Level 1  
  77  9:51  Marine x2  
  77  9:52  Marauder x2  
  83  9:55  Hi-Sec Auto Tracking  
  83  10:02  Supply Depot  
  83  10:11  Viking  
  85  10:14  Viking  
  85  10:15  Viking  
  85  10:16  Viking  
  85  10:18  Viking  
  85  10:20  Starport Reactor, Supply Depot  
  85  10:21  Marine x4  
  97  10:37  Refinery  
  97  10:41  Viking  
  99  10:44  Viking  
  99  10:45  Viking  
  99  10:49  Viking  
  105  10:50  Viking  
  107  10:58  SCV  
  108  11:04  Viking x2  
  108  11:11  Viking  
  114  11:17  Viking x2  
  118  11:19  Viking  
  118  11:20  Viking  
  110  11:48  Viking x4  
  118  11:56  Viking x2  
  118  11:57  Viking  
  124  12:18  Viking x3  
  130  12:33  Marauder, Marine x2  
  130  12:34  Marine  
  130  12:36  Medivac  
  137  12:37  Medivac  
  137  12:38  Viking  
  141  12:45  Terran Infantry Weapons Level 2  
  141  12:48  Terran Ship Weapons Level 1  
  129  13:20  Marine x2  
  129  13:21  Marine x2  
  133  13:38  Marine  
  113  14:01  Viking x4  
  113  14:02  Viking x2  
  89  14:49  Viking  
  89  14:50  Viking x6  
  68  15:15  Marine  
  68  15:17  Marine  
  68  15:18  Marine x2  
  68  15:19  Viking  
  68  15:20  Viking x5  
  84  15:22  Medivac  
  86  15:33  Marine  
  86  15:35  Marine x2  
  89  15:49  Viking x3  
Show
View Real Time Build Order
Export as new Build Order

DarkFart Protoss 

Build Orders: 1 Gate Expand, Zealot Archon 

Get SALT Encoding   

  12  0:01  Probe (Chrono Boost)  
  13  0:12  Probe (Chrono Boost)  
  14  0:20  Pylon  
  14  0:22  Probe (Chrono Boost)  
  15  0:38  Probe (Chrono Boost)  
  15  0:39  Gateway  
  16  0:48  Probe (Chrono Boost)  
  16  0:49  Assimilator  
  17  0:59  Probe (Chrono Boost)  
  18  1:09  Probe (Chrono Boost)  
  19  1:20  Probe (Chrono Boost)  
  20  1:32  Nexus  
  20  1:40  Cybernetics Core  
  20  1:42  Probe (Chrono Boost)  
  20  1:45  Pylon  
  21  1:51  Assimilator  
  21  1:52  Probe (Chrono Boost)  
  22  2:00  Pylon  
  22  2:14  Probe (Chrono Boost), Gateway  
  23  2:26  Warp Gate (Chrono Boost)  
  23  2:33  Mothership Core (Chrono Boost)  
  25  2:44  Stalker  
  25  2:47  Pylon  
  25  2:48  Probe (Chrono Boost)  
  28  2:58  Probe  
  29  3:08  Probe, Robotics Facility  
  29  3:09  Stalker  
  32  3:25  Stalker  
  32  3:26  Probe  
  34  3:34  Assimilator  
  35  3:36  Probe  
  36  3:47  Probe, Assimilator  
  36  3:52  Twilight Council  
  37  3:56  Sentry  
  37  3:58  Probe  
  40  4:09  Observer  
  41  4:21  Probe  
  42  4:31  Probe  
  42  4:36  Gateway  
  43  4:39  Gateway  
  43  4:42  Probe, Pylon  
  44  4:49  Templar Archives  
  44  4:51  Immortal (Chrono Boost)  
  48  4:52  Probe  
  48  4:57  Stalker  
  51  5:03  Probe  
  51  5:06  Gateway  
  52  5:07  Pylon  
  52  5:13  Probe  
  53  5:24  Probe  
  53  5:27  Immortal (Chrono Boost)  
  58  5:35  Probe  
  58  5:39  Psionic Storm  
  59  5:43  Nexus  
  59  5:54  Assimilator  
  59  5:58  Assimilator  
  59  6:01  Pylon  
  59  6:22  High Templar x2  
  63  6:32  High Templar x2  
  65  6:33  High Templar  
  69  6:55  Probe  
  70  7:03  Gateway  
  70  7:04  Gateway  
  70  7:05  Probe, Gateway  
  71  7:16  Probe  
  72  7:23  High Templar  
  72  7:27  Probe  
  70  7:36  Archon x2  
  70  7:37  Probe  
  70  7:38  High Templar  
  70  7:43  Archon  
  73  7:48  High Templar  
  73  7:51  Probe  
  75  7:58  Stargate  
  76  8:01  Probe, Archon  
  77  8:08  Forge  
  77  8:12  Probe  
  77  8:13  Cybernetics Core  
  78  8:23  Probe  
  79  8:33  Probe  
  79  8:38  High Templar x4  
  88  8:43  Archon  
  88  8:44  Archon  
  88  9:09  Nexus  
  88  9:11  Probe  
  88  9:12  Pylon  
  88  9:14  Pylon  
  88  9:16  Pylon  
  89  9:18  Pylon  
  89  9:20  Assimilator  
  89  9:21  Probe, Assimilator  
  90  9:25  Protoss Air Weapons Level 1 (Chrono Boost)  
  90  9:26  Protoss Air Armor Level 1 (Chrono Boost)  
  90  9:32  Probe  
  90  9:33  Void Ray  
  95  9:42  Probe  
  96  9:51  Photon Cannon  
  96  9:53  Probe, Photon Cannon, Protoss Shields Level 1  
  96  9:54  Photon Cannon  
  96  9:56  Photon Cannon  
  96  9:57  Photon Cannon  
  97  10:01  Photon Cannon  
  97  10:04  Photon Cannon  
  97  10:06  Stargate  
  97  10:18  Stalker x2  
  97  10:19  Stalker x6  
  107  10:53  Pylon  
  107  10:57  Nexus  
  107  10:59  Photon Cannon  
  107  11:01  Photon Cannon  
  107  11:02  Photon Cannon  
  95  11:04  Fleet Beacon  
  95  11:10  Stalker x3  
  73  11:47  Nexus  
  73  11:50  Pylon, Assimilator  
  73  12:03  Pylon  
  73  12:05  Pylon  
  73  12:12  Probe  
  73  12:14  Pylon  
  74  12:23  Probe  
  75  12:31  Protoss Air Weapons Level 2 (Chrono Boost), Protoss Air Armor Level 2 (Chrono Boost)  
  75  12:33  Probe  
  75  12:35  Void Ray (Chrono Boost)  
  80  12:44  Probe  
  80  12:50  Stalker x2  
  81  12:54  Probe  
  82  13:05  Probe  
  82  13:10  Photon Cannon  
  83  13:14  Assimilator  
  83  13:22  Void Ray (Chrono Boost)  
  87  13:42  Photon Cannon  
  87  13:44  Photon Cannon  
  87  13:45  Assimilator  
  89  13:48  Void Ray (Chrono Boost)  
  89  13:59  Probe  
  90  14:06  Stargate  
  90  14:10  Probe  
  79  14:20  Probe  
  41  14:30  Stalker x3  
  41  14:31  Probe, Stalker x2  
  42  14:41  Probe  
  43  14:52  Stalker x3  
  49  15:16  Stalker x4  
Tags
 
Add a new tag
Caveats
  • Supply blocks, unpowered buildings, or Contaminate may cause inaccurate times.
  • Supply counts are checked every 10 seconds.